 Dungeon Crawl Stone Soup version 0.32-a0-540-g866d13106e (webtiles) character file.

Game seed: 17694721489089340861

38 Sobieck the Firebug (level 3, 0/23 (27) HPs)
             Began as a Mountain Dwarf Fire Elementalist on Feb 28, 2024.
             Slain by an orc
             ... wielding a +0 whip
              (5 damage)
             ... on level 3 of the Dungeon.
             The game lasted 00:03:00 (1974 turns).

Sobieck the Firebug (MDFE)                          Turns: 1974, Time: 00:03:01

HP:   0/23 (27)     AC:  6    Str: 10    XL:     3   Next: 25%
MP:   4/6           EV: 11    Int: 17    God:
Gold: 128           SH:  0    Dex: 10    Spells: 3/6 levels left

rFire   . . .        i - +1 dagger (vamp)
rCold   . . .        (no shield)
rNeg    . . .        a - +0 robe
rPois   .            (no helmet)
rElec   .            h - +2 cloak
rCorr   .            o - +0 pair of gloves
SInv    .            (no boots)
Will    .....        (no amulet)
Stlth   +            (no ring)
HPRegen 0.23/turn    (no ring)
MPRegen 0.10/turn

%: no passive effects
@: confused, attractive, very slightly contaminated, hasted, heavily drained,
very quick
A: runic magic, artefact enchanting
a: no special abilities


You were on level 3 of the Dungeon.
You visited 1 branch of the dungeon, and saw 3 of its levels.

You collected 128 gold pieces.

Inventory:

Hand Weapons
 e - a +0 dagger
 i - a +1 vampiric dagger (weapon)
Armour
 a - a +0 robe (worn)
 h - a +2 cloak (worn)
 o - a +0 pair of gloves (worn)
Scrolls
 c - a scroll of immolation {unknown}
 j - a scroll of brand weapon {unknown}
 k - a scroll of vulnerability {unknown}
 l - a scroll of acquirement {unknown}
 m - 5 scrolls of identify {unknown}
 n - a scroll of revelation {unknown}
 p - a scroll of teleportation {unknown}
Potions
 g - 2 potions of attraction


   Skills:
 + Level 0.6 Fighting
 + Level 0.6 Armour
 - Level 1.3 Dodging
 - Level 1.4 Stealth
 * Level 2.2 Spellcasting
 * Level 1.7 Conjurations
 * Level 4.0 Fire Magic


You had 3 spell levels left.
You knew the following spells:

 Your Spells              Type           Power      Damage    Failure   Level
a - Foxfire               Conj/Fire      44%        2x1d6     6%          1
b - Scorch                Fire           30%        2d6       5%          2

Your spell library contained the following spells:

 Spells                   Type           Power      Damage    Failure   Level
 Inner Flame              Hex/Fire       8%         N/A       24%         3
 Volatile Blastmotes      Fire/Tloc      16%        2d11      24%         3
 Flame Wave               Conj/Fire      11%        2d6       50%         4


Dungeon Overview and Level Annotations

Branches:
Dungeon (3/15)

Altars:
Sif Muna

Shops:
D:2 :


Innate Abilities, Weirdness & Mutations

Your spellcasting is much less encumbered by armour.
You can use scrolls of enchantment on lesser artefacts.


Message History

The foxfire hits the rat.
You kill the rat!
The orc barely misses you. The orc hits you but does no damage.
The orc closely misses you.
You hear some strange, mumbled words.
A magic dart appears from out of thin air!
The magic dart hits you but does no damage.
Unknown command.
Casting: Foxfire (safe; 6% risk of failure)
Confirm with . or Enter, or press ? or * to list all spells.
You miscast Foxfire.
You are very lightly contaminated with residual magic.
Nothing appears to happen.
The foxfire hits the kobold.
You kill the kobold!
The orc barely misses you. The orc hits you with a +0 dagger.
* * * LOW HITPOINT WARNING * * *
The orc barely misses you.
You hear some strange, mumbled words.
You are confused.
You're too confused to cast spells.
Sorry, you're not good enough to have a special ability.
Unknown command.
You're too confused to cast spells.
Unknown command.
It was a potion of haste.
You feel yourself speed up. The orc hits you with a +0 whip.
* * * LOW HITPOINT WARNING * * *
The orc closely misses you. The orc hits you with a +0 dagger.
* * * LOW HITPOINT WARNING * * *
Something hits you but does no damage.
You feel drained.
Unknown command.
Unknown command.
You barely miss the orc. The orc hits you but does no damage. x2
The orc hits you with a +0 whip.
* * * LOW HITPOINT WARNING * * *
You hear some strange, mumbled words.
A puff of flame appears from out of thin air!
The puff of flame misses you. The orc hits you with a +0 dagger.
* * * LOW HITPOINT WARNING * * *
Things that are here:
a +0 short sword; 2 stones; a rat corpse Unknown command.
You hit the orc.
The orc is severely wounded.
The orc attacks as it pursues you! The orc hits you with a +0 dagger.
* * * LOW HITPOINT WARNING * * *
The orc hits you with a +0 club.
* * * LOW HITPOINT WARNING * * *
The orc hits you with a +0 whip.
You die...

............#
............+
............###..
##########........
..................
####+####......########.
...............#
...............#
.......@o.########
.......oo........#
...#+#...........# .
#.....).....#
#...........#
..........$..#
#.............#
#.............#
#.............#


You could see 3 orcs.

Vanquished Creatures
  A ribbon worm (D:2)
  A dart slug (D:1)
  An orc (D:3)
  3 ball pythons
  6 endoplasms
  A giant cockroach (D:2)
  2 hobgoblins (D:2)
  6 kobolds
  A quokka (D:1)
  2 bats
  2 frilled lizards
  2 goblins (D:2)
  2 rats
30 creatures vanquished.

Vanquished Creatures (others)
  76 foxfires
76 creatures vanquished.

Grand Total: 106 creatures vanquished

Notes
Turn   | Place    | Note
-------+----------+-------------------------------------------
     0 | D:1      | Sobieck the Mountain Dwarf Fire Elementalist began the
                  | quest for the Orb.
     0 | D:1      | Reached XP level 1. HP: 14/14 MP: 3/3
   101 | D:1      | Reached skill level 1 in Conjurations
   244 | D:1      | Reached XP level 2. HP: 22/22 MP: 1/4
   302 | D:1      | Learned a level 2 spell: Scorch
  1360 | D:2      | Reached skill level 4 in Fire Magic
  1501 | D:2      | Found Edaph's Book Shoppe.
  1516 | D:2      | Reached XP level 3. HP: 27/27 MP: 1/6
  1770 | D:2      | Found a shimmering blue altar of Sif Muna.
  1974 | D:3      | Slain by an orc

Illustrated notes

Levels and vault maps discovered:
D:1:      dpeg_arrival_arbitrary_b, layout_basic, kennysheep_pointless_box
D:2:      layout_loops_ring, serial_shops, shop, basic_altar, minmay_bisected
D:3:      kennysheep_the_goblin_king, layout_basic, makhleb_altar_promises_db,
          nicolae_sif_muna_little_library

Skill      XL: |  1  2 |
---------------+-------+-----
Conjurations   | 1 |  1.7
Spellcasting   | 2 |  2.2
Fire Magic     | 4 |  4.0
Fighting       | |  0.6
Armour         | |  0.6
Dodging        | |  1.3
Stealth        | |  1.4

Action                     || total
---------------------------++-------
  Melee: Dagger            ||    13
   Cast: Foxfire           ||    47
    Use: Potion            ||     4
 Armour: Robe              ||    38
  Dodge: Dodged            ||    24

Table legend: (Time is in decaauts)
 A = Elapsed time spent in this place.
 B = Non-inter-level travel time spent in this place.
 C = Inter-level travel time spent in this place.
 D = Time resting spent in this place.
 E = Time spent auto-exploring this place.
 F = Levels seen in this place.
 G = Mean time per level.
                   A        B        C        D        E       F      G
               +--------+--------+--------+--------+--------+-----+--------+
         Total |   1971 |   1915 |     56 |      0 |   1703 |   3 |  657.0 |
       Dungeon |   1971 |   1915 |     56 |      0 |   1703 |   3 |  657.0 |
               +--------+--------+--------+--------+--------+-----+--------+

Top non-repeatable levels by time:
     D:1: 996 daAuts
     D:2: 869 daAuts
     D:3: 105 daAuts
